 Dungeon Crawl Stone Soup version 0.27.1-37-g7b29ead8ac (webtiles) character file.

Game seed: 14117512758187967920

114 AarnesTheHuman the Changer (level 4, -1/33 HPs)
             Began as a Merfolk Transmuter on Aug 28, 2023.
             Slain by an ufetubus (2 damage)
             ... on level 3 of the Dungeon.
             The game lasted 00:06:18 (3310 turns).

AarnesTheHuman the Changer (Merfolk Transmuter)     Turns: 3310, Time: 00:06:18

Health: -1/33      AC:  2    Str: 16    XL:     4   Next: 98%
Magic:  5/7        EV: 12    Int: 13    God:
Gold:   124        SH:  5    Dex: 14    Spells: 4/7 levels left

rFire    . . .     SeeInvis .   a - +1 dagger (drain)
rCold    . . .     Faith    .   f - +0 buckler
rNeg     . . .     Spirit   .   b - +0 robe
rPois    .         Reflect  .   (helmet currently unavailable)
rElec    .         Harm     .   (no cloak)
rCorr    .         Rampage  .   (no gloves)
Will     .....                  (boots currently unavailable)
Stlth    ++........             (no amulet)
HPRegen  0.11/turn              t - +6 ring of strength
MPRegen  0.10/turn              (no ring)

@: appendages (expiring), wereblooded (expiring)
A: horns 2, (nimble swimmer 2), mertail
a: End Transformation


You were on level 3 of the Dungeon.
You had temporarily grown beastly horns.
You visited 1 branch of the dungeon, and saw 4 of its levels.

You collected 124 gold pieces.

Inventory:

Hand Weapons
 a - a +1 dagger of draining (weapon)
 e - a +0 short sword
 h - a +0 spear
Missiles
 j - 157 stones
 k - 5 silver boomerangs
Armour
 b - a +0 robe (worn)
 c - a +0 pair of boots (melded)
 f - a +0 buckler (worn)
Jewellery
 s - a ring of fire
 t - a +6 ring of strength (left hand)
Scrolls
 d - 2 scrolls of vulnerability {unknown}
 g - 3 scrolls of identify {unknown}
 i - a scroll of immolation {unknown}
 l - a scroll of enchant weapon {unknown}
 m - a scroll of summoning {unknown}
 n - 2 scrolls of amnesia {unknown}
 r - a scroll of teleportation {unknown}
 u - a scroll of noise {unknown}
Potions
 o - 2 potions of curing {unknown}
 p - a potion of degeneration {unknown}
 q - 2 potions of lignification {unknown}


   Skills:
 - Level 2.0 Fighting
 - Level 1.0 Polearms
 - Level 2.6 Dodging
 - Level 1.0 Stealth
 + Level 3.1 Shields
 - Level 3.2 Unarmed Combat
 - Level 2.0 Spellcasting
 - Level 4.0 Transmutations


You had 4 spell levels left.
You knew the following spells:

 Your Spells              Type           Power      Damage    Failure   Level
a - Beastly Appendage     Tmut           22%        N/A       5%          1
b - Wereblood             Tmut           11%        N/A       9%          2

Your spell library contained the following spells:

 Spells                   Type           Power      Damage    Failure   Level
 Spider Form              Tmut/Pois      3%         N/A       36%         3
 Ensorcelled Hibernation  Hex/Ice        2%         N/A       38%         2
 Ice Form                 Ice/Tmut       6%         N/A       77%         4
 Shadow Creatures         Summ           N/A        N/A       100%        6


Dungeon Overview and Level Annotations

Branches:
Dungeon (4/15)
 Temple: D:4-7

Altars:
Nemelex Xobeh

Annotations:
D:2 exclusion: downstairs


Innate Abilities, Weirdness & Mutations

You have temporarily grown beastly horns.
((You are quick and stealthy near water. (Stealth+, EV+, Speed+++)))
Your lower body shifts to a powerful aquatic tail in water.


Message History

The endoplasm freezes you.
You are frozen.
The ufetubus closely misses you. The ufetubus hits you.
You hit the ufetubus but do no damage. Your headbutt misses the ufetubus.
The ufetubus is almost dead.
The ufetubus barely misses you. The ufetubus closely misses you.
An orc comes into view. It is wielding a +0 short sword.
The endoplasm completely misses you.
You closely miss the ufetubus.
The ufetubus is almost dead.
The ufetubus misses you. The ufetubus closely misses you.
You block the endoplasm's attack. You block the ufetubus's attack.
The ufetubus barely misses you. The endoplasm closely misses you.
The ufetubus hits you.
The ufetubus hits you but does no damage.
There is a stone staircase leading up, spattered with blood here.
The ufetubus barely misses you. The ufetubus hits you.
The endoplasm freezes you.
You are frozen.
You climb upwards.
There is a stone staircase leading down here.
You closely miss the ufetubus. Your headbutt misses the ufetubus.
The ufetubus is severely wounded.
Your transformation is almost over.
Your primal bloodlust is almost over.
The ufetubus hits you but does no damage.
The ufetubus misses you. The endoplasm freezes you.
You are frozen.
The ufetubus barely misses you. The ufetubus hits you.
* * * LOW HITPOINT WARNING * * *
You miss the ufetubus.
The ufetubus is severely wounded.
The ufetubus closely misses you. The ufetubus completely misses you.
The endoplasm misses you.
You barely miss the endoplasm. The ufetubus hits you.
* * * LOW HITPOINT WARNING * * *
The ufetubus hits you.
* * * LOW HITPOINT WARNING * * *
The endoplasm hits you.
* * * LOW HITPOINT WARNING * * *
The ufetubus hits you.
You die...

## #.......# .##
#.......# ..##
##.....## ...#
##.....## ##### ...#
##.......# ##...## ...#
#####.....)..##
##.....# รท..#
###.............#
#.......
...####..)#####.......#
#..<....
........<......5@.....#
#.......
...##...########J.....#
###.....# ...##.###
##........# #........
...##.#
#..##.#######........
...#..#
#.##..##.............
..##.##
#.##.....#####......#
^.##.# ####.#...####
#....)## #..#.#
#......### ###..####
.#...# #.#..###
###....#


You could see an ufetubus and an endoplasm.

Vanquished Creatures
  3 adders
  2 worms (D:2)
  3 dart slugs (D:1)
  7 ball pythons
  12 endoplasms
  3 giant cockroaches
  9 goblins
  9 hobgoblins
  4 jackals (D:1)
  2 quokkas
  6 bats
  A frilled lizard (D:2)
  2 kobolds (D:3)
  2 rats (D:3)
65 creatures vanquished.

Notes
Turn   | Place    | Note
-------+----------+-------------------------------------------
     0 | D:1      | AarnesTheHuman the Merfolk Transmuter began the quest for
                  | the Orb.
     0 | D:1      | Reached XP level 1. HP: 15/15 MP: 3/3
    62 | D:1      | Reached skill level 3 in Transmutations
   189 | D:1      | Reached XP level 2. HP: 20/21 MP: 3/5
   244 | D:1      | Reached skill level 4 in Transmutations
   470 | D:1      | Learned a level 2 spell: Wereblood
   522 | D:1      | Reached skill level 1 in Stealth
   525 | D:1      | Reached XP level 3. HP: 26/26 MP: 3/6
   715 | D:1      | Reached skill level 1 in Polearms
   759 | D:1      | Reached skill level 1 in Shields
  1601 | D:2      | Reached XP level 4. HP: 14/32 MP: 4/7
  3247 | D:3      | Found a sparkling altar of Nemelex Xobeh.
  3310 | D:3      | HP: 1/33 [endoplasm (1)]
  3310 | D:3      | Slain by an ufetubus

Illustrated notes

Levels and vault maps discovered:
D:1:      sevenhm_arrival_forest_fort_small_5, layout_basic, minmay_door_square
D:2:      layout_basic, hex_medium
D:3:      layout_rooms, overflow_temple_1_default
D:4:      layout_gridville, mainiacjoe_overflow_concentric_impassable,
          minmay_temple_entry_hall, uniq_blork_the_orc, uniq_robin, uniq_natasha

Skill      XL: |  1  2  3  4 |
---------------+-------------+-----
Transmutations | 3 4 |  4.0
Stealth        | 1 |  1.0
Polearms       | 1 |  1.0
Shields        | 2 3 |  3.1
Fighting       | 2 |  2.0
Dodging        | |  2.6
Unarmed Combat | |  3.2
Spellcasting   | |  2.0

Action                   |  1- 3 |  4- 6 || total
-------------------------+-------+-------++-------
Melee: Short sword       |    23 |       ||    23
       Unarmed           |     4 |       ||     4
       Punch             |     2 |       ||     2
       Spear             |    46 |       ||    46
       Headbutt          |     5 |     8 ||    13
       Dagger            |    32 |    84 ||   116
 Cast: Beastly Appendage |    14 |    16 ||    30
       Wereblood         |     8 |    13 ||    21
 Stab: Sleeping          |       |     1 ||     1
Armor: Robe              |    21 |    15 ||    36
Dodge: Dodged            |    58 |    71 ||   129
Block: Buckler           |    16 |    26 ||    42
